 Dungeon Crawl Stone Soup version 0.21.1-1-g345015f (webtiles) character file.

1118 Draznyth the Skirmisher (level 8, -12/51 HPs)
             Began as a Gargoyle Fighter on Mar 6, 2018.
             Was an Initiate of Okawaru.
             Mangled by an ogre
             ... wielding a +0 giant club
              (18 damage)
             ... on level 5 of the Dungeon.
             The game lasted 00:11:00 (5266 turns).

Draznyth the Skirmisher (Gargoyle Fighter)          Turns: 5266, Time: 00:11:01

Health: -12/51     AC: 11    Str: 22    XL:     8   Next: 34%
Magic:  8/8        EV:  9    Int:  9    God:    Okawaru [......]
Gold:   395        SH:  0    Dex:  9    Spells: 7/7 levels left

rFire    . . .     SeeInvis .   I - +0 battleaxe
rCold    . . .     Gourm    .   (shield currently unavailable)
rNeg     + . .     Faith    .   b - +0 scale mail
rPois    ∞         Spirit   .   x - +0 helmet
rElec    +         Reflect  .   v - +0 cloak
rCorr    .         Harm     .   (no gloves)
MR       .....                  (no boots)
Stlth    ..........             (no amulet)
HPRegen  0.17/turn              (no ring)
MPRegen  0.11/turn              (no ring)

@: corroded
A: negative energy resistance 1, electricity resistance, unbreathing,
petrification resistance, rot immunity, AC +5
a: Renounce Religion


You were on level 5 of the Dungeon.
You worshipped Okawaru.
Okawaru was noncommittal.
You were hungry.

You visited 2 branches of the dungeon, and saw 6 of its levels.

You collected 395 gold pieces.

Inventory:

Hand Weapons
 a - a +0 war axe
 I - a +0 battleaxe (weapon)
Missiles
 e - 55 sling bullets
 j - 38 arrows
 m - 82 stones (quivered)
Armour
 b - a +0 scale mail (worn)
 c - a +0 shield
 v - a +0 cloak (worn)
 x - a +0 helmet (worn)
Jewellery
 i - an uncursed ring of stealth {unknown}
 n - a cursed -3 ring of slaying {unknown}
 F - a +2 ring of evasion {unknown}
Wands
 o - a wand of flame (9)
 u - a wand of random effects (47)
 E - a wand of polymorph (17)
Scrolls
 k - 3 scrolls of remove curse {unknown}
 l - 3 scrolls of identify {unknown}
 p - a scroll of enchant armour {unknown}
 r - a scroll of teleportation {unknown}
 s - a scroll of noise {unknown}
 y - a scroll of random uselessness {unknown}
 H - a scroll of fear {unknown}
Potions
 d - 3 potions of might
 g - a potion of brilliance {unknown}
 h - 2 potions of magic {unknown}
 q - 2 potions of mutation {unknown}
 w - a potion of flight {unknown}
 z - 2 potions of ambrosia {unknown}
 A - a potion of berserk rage {unknown}
 B - 3 potions of curing {unknown}
 C - a potion of invisibility {unknown}
 D - a potion of heal wounds {unknown}
 G - 3 potions of haste
Books
 t - a book of Misfortune

   Spells                             Type                      Level
   a - Confusing Touch                Hexes                        1
   b - Confuse                        Hexes                        3
   c - Gell's Gravitas                Translocation                3
   d - Petrify                        Transmutation/Earth          4
   e - Metabolic Englaciation         Hexes/Ice                    5
   f - Yara's Violent Unravelling     Hexes/Transmutation          5
Comestibles
 f - 10 rations


   Skills:
 + Level 6.2 Fighting
 * Level 4.7 Axes
 - Level 6.0 Armour
 - Level 6.1 Shields


You had 7 spell levels left.
You didn't know any spells.

Dungeon Overview and Level Annotations

Branches:
Dungeon (5/15)             Temple (1/1) D:5

Altars:
Ashenzari
Cheibriados
Dithmenos
Elyvilon
Fedhas
Gozag
Hepliaklqana
Kikubaaqudgha
Makhleb
Nemelex Xobeh
Okawaru
Qazlal
Ru
Sif Muna
Trog
Uskayaw
Vehumet
Wu Jian
Xom
Yredelemnul
Zin

Shops:
D:5 (


Innate Abilities, Weirdness & Mutations

You are resistant to torment.
Your stone body is resilient. (AC +5)
You are immune to poison.
You resist negative energy. (rN+)
You are resistant to electric shocks. (rElec)
You can survive without breathing.
You are immune to petrification.
You are immune to rotting.


Message History

The acid burns!
Ijyb hits you.
The leopard gecko bites you but does no damage.
The jelly hits you but does no damage. Ijyb barely misses you.
You miss Ijyb.
Ijyb is heavily wounded.
You barely miss the ogre. You slash the jelly!
You kill the jelly!
Okawaru accepts your kill.
You barely miss the leopard gecko.
The leopard gecko bites you but does no damage.
Ijyb zaps a wand.
The puff of flame hits you! The leopard gecko closely misses you.
The ogre hits you with a giant club!
* * * LOW HITPOINT WARNING * * *
You slash Ijyb!
You kill Ijyb!
Okawaru accepts your kill.
Your scale mail prevents you from hitting the leopard gecko.
You hit the ogre. The leopard gecko closely misses you.
The ogre hits you with a giant club!!
You die...

.............
#............
#............
#............ #.........
#.......# ####
#...l...##....
#...@.........
#..O[........
#............ ......
#.......##.. #.....
#.......########.....
#.............#......
..'.............#......
..#.............#......
..##.......##....##.....


You could see an ogre and a leopard gecko.

Vanquished Creatures
  Sigmund (D:3)
  A phantom (D:4)
  A sky beast (D:2)
  An ogre (D:5)
  Blork the orc (D:5)
  A hound (D:5)
  Crazy Yiuf (D:2)
  2 jellies (D:5)
  An orc wizard (D:4)
  Jessica (D:2)
  A bullfrog skeleton (D:4)
  Ijyb (D:5)
  Natasha (thrice) (D:3)
  2 iguanas (D:4)
  2 worker ants
  Robin (D:3)
  3 gnolls (D:4)
  7 adders
  An ooze (D:1)
  2 worms (D:2)
  6 dart slugs
  4 leopard geckos
  6 orcs
  4 bats
  4 giant cockroaches
  17 goblins
  8 hobgoblins
  5 jackals (D:2)
  4 kobolds
  2 quokkas
  2 ball pythons
  7 frilled lizards
  A quokka skeleton (D:4)
  2 rats
106 creatures vanquished.

Notes
Turn   | Place    | Note
-------+----------+-------------------------------------------
     0 | D:1      | Draznyth the Gargoyle Fighter began the quest for the Orb.
     0 | D:1      | Reached XP level 1. HP: 14/14 MP: 1/1
   169 | D:1      | Reached XP level 2. HP: 19/19 MP: 2/2
   511 | D:1      | Reached XP level 3. HP: 23/23 MP: 3/3
  1311 | D:2      | Noticed a sky beast
  1320 | D:2      | Reached XP level 4. HP: 29/29 MP: 4/4
  1369 | D:2      | Killed a sky beast
  1369 | D:2      | Reached XP level 5. HP: 21/34 MP: 5/5
  1771 | D:2      | Noticed Jessica
  1817 | D:2      | Killed Jessica
  2212 | D:2      | Found a runed door.
  2216 | D:2      | Noticed Crazy Yiuf
  2314 | D:2      | Killed Crazy Yiuf
  2314 | D:2      | Reached XP level 6. HP: 19/39 MP: 6/6
  2583 | D:3      | Noticed Natasha
  2587 | D:3      | Noticed Robin
  2597 | D:3      | Killed Natasha
  2597 | D:3      | Noticed Natasha
  2617 | D:3      | Killed Robin
  2624 | D:3      | Killed Natasha
  2637 | D:3      | Noticed Natasha
  2656 | D:3      | Killed Natasha
  3136 | D:3      | Noticed Sigmund
  3144 | D:3      | Killed Sigmund
  3144 | D:3      | Reached skill level 5 in Fighting
  3144 | D:3      | Reached skill level 5 in Armour
  3144 | D:3      | Reached skill level 5 in Shields
  3144 | D:3      | Reached XP level 7. HP: 43/44 MP: 7/7
  4590 | D:5      | Entered Level 5 of the Dungeon
  4590 | D:5      | Found Huvywutt's Weapon Boutique.
  4640 | D:5      | Reached XP level 8. HP: 51/51 MP: 8/8
  4723 | D:5      | Found a staircase to the Ecumenical Temple.
  4856 | Temple   | Entered the Ecumenical Temple
  5008 | Temple   | Became a worshipper of Warmaster Okawaru
  5049 | D:5      | Noticed Blork the orc
  5064 | D:5      | Killed Blork the orc
  5256 | D:5      | Noticed Ijyb
  5266 | D:5      | Killed Ijyb
  5266 | D:5      | Mangled by an ogre

Skill      XL: |  1  2  3  4  5  6  7  8 |
---------------+-------------------------+-----
Axes           | 2 3 4 |  4.7
Fighting       | 4 5 6 |  6.2
Armour         | 4 5 6 |  6.0
Shields        | 4 5 6 |  6.1

Action                   |  1- 3 |  4- 6 |  7- 9 || total
-------------------------+-------+-------+-------++-------
Melee: War axe           |    98 |   192 |   146 ||   436
       Battleaxe         |       |       |     8 ||     8
  Use: Potion            |       |     1 |       ||     1
  Eat: Chunk             |     1 |     7 |     6 ||    14
Armor: Scale mail        |    60 |   125 |    87 ||   272
Dodge: Dodged            |    37 |    56 |    54 ||   147
Block: Shield            |    49 |   105 |    83 ||   237
